 Dungeon Sprint DCSS version 0.17.1-3-g152610e (webtiles) character file.

273 Furjoza the Archer (level 6, -4/59 HPs)
             Began as a Troll Hunter on Apr 7, 2016.
             Slain by a slime creature (15 damage)
             ... in the Dungeon (Sprint I: "Red Sonja").
             The game lasted 00:06:48 (243 turns).

Furjoza the Archer (Troll Hunter)                    Turns: 243, Time: 00:06:48

Health: -4/59      AC:  5    Str: 21    XL:     6   Next: 2%
Magic:  5/5        EV: 11    Int:  7    God:
Gold:   108        SH:  0    Dex: 12    Spells: 0 memorised, 5 levels left

rFire  . . .     SeeInvis .     n - +0 scythe
rCold  . . .     Clarity  .     o - +0 robe
rNeg   . . .     SustAt   .     (shield currently unavailable)
rPois  .         Gourm    +     (helmet restricted)
rElec  .         Spirit   .     (no cloak)
rCorr  .         Warding  .     (gloves unavailable)
rMut   .         NoTele   +     (boots unavailable)
MR     .....                    (no amulet)
Stlth  +.........               (no ring)
                                (no ring)

@: not resistant to hostile enchantments, very unstealthy
A: unfitting armour, claws 3, fast metabolism 3, gourmand, regeneration 2,
shaggy fur 1, tough skin 2
a: no special abilities


You were in the Dungeon.
You were not hungry.

You visited 1 branch You collected 108 gold pieces.

Inventory:

Hand Weapons
 a - a +1 shortbow
 b - a +0 short sword
 l - a cursed -3 giant spiked club
 m - a +0 dagger
 n - a +0 scythe (weapon)
Missiles
 d - 12 arrows
Armour
 c - a +0 robe
 o - a +0 robe (worn)
Scrolls
 k - a scroll of blinking
Potions
 f - a potion of curing
 g - a potion of heal wounds
 h - a potion of haste
 i - 2 potions of magic
 j - a potion of berserk rage
Comestibles
 e - 2 bread rations


   Skills:
 + Level 2.5 Fighting
 + Level 1.3 Short Blades
 + Level 8.2 Bows
 + Level 4.4 Dodging
 + Level 0.4 Stealth


You had 5 spell levels left.
You didn't know any spells.

Dungeon Overview and Level Annotations

Branches:
Dungeon (1/1)

Altars:
Cheibriados
Dithmenos
Fedhas
Jiyva


Innate Abilities, Weirdness & Mutations

You are too large for most types of armour.
You have claws for hands.
Your metabolism is lightning-fast.
You like to eat raw meat.
You heal very quickly.
You are covered in fur (AC +1).
You have very tough skin (AC +2).


Message History

Firing (i - inventory):
d - 14 arrows (quivered)
Press: ? - help, Shift-Dir - straight line, f/p - slime creature
Aim: a slime creature (lightly wounded)
You shoot an arrow. The arrow hits the slime creature!
The slime creature is moderately wounded.
The slime creature hits you!
Firing (i - inventory):
d - 13 arrows (quivered)
Press: ? - help, Shift-Dir - straight line, f/p - slime creature
Aim: a slime creature (moderately wounded)
You shoot an arrow. The arrow hits the slime creature.
The slime creature is moderately wounded.
The slime creature hits you!!
* * * LOW HITPOINT WARNING * * *
Wield which item (- for none, * to show all)? (? for menu, Esc to quit)
n - a +0 scythe (weapon)
The slime creature closely misses you.
You slash the slime creature!
The slime creature is heavily wounded.
The slime creature hits you!
You die...

###################
#<.#..'..#..((.#__#
#..'.†#..'@J#.(((.+
#..#####+#####+#__#
#..# ### #..# #..#
#⌠⌠# ####


You could see a slime creature.

Vanquished Creatures
  Sigmund (D)
  An ogre (D)
  Ijyb (D)
3 creatures vanquished.

Notes
Turn   | Place    | Note
--------------------------------------------------------------
     0 | D        | Furjoza the Troll Hunter began the quest for the Orb.
     0 | D        | Reached XP level 1. HP: 19/19 MP: 0/0
     2 | D        | Noticed Ijyb
    35 | D        | Killed Ijyb
    35 | D        | Reached skill level 4 in Bows
    35 | D        | Reached XP level 2. HP: 11/28 MP: 1/1
    83 | D        | Noticed an ogre
   107 | D        | Killed an ogre
   107 | D        | Reached skill level 6 in Bows
   107 | D        | Reached XP level 3. HP: 5/35 MP: 2/2
   107 | D        | Reached XP level 4. HP: 6/42 MP: 3/3
   171 | D        | Noticed Sigmund
   186 | D        | Killed Sigmund
   186 | D        | Reached skill level 1 in Short Blades
   186 | D        | Reached skill level 8 in Bows
   186 | D        | Reached XP level 5. HP: 22/50 MP: 4/4
   186 | D        | Reached XP level 6. HP: 25/59 MP: 5/5
   228 | D        | Found a snail-covered altar of Cheibriados.
   228 | D        | Found a viscous altar of Jiyva.
   228 | D        | Found a shadowy altar of Dithmenos.
   228 | D        | Found a blossoming altar of Fedhas.
   228 | D        | Noticed a slime creature
   243 | D        | Slain by a slime creature

Action                   |  1- 3 |  4- 6 || total
-------------------------+-------+-------++-------
Melee: Short sword       |    25 |       ||    25
       Scythe            |       |     1 ||     1
 Fire: Shortbow          |    17 |    15 ||    32
